General information
- name: BNet
- type: Ladder team game (AT/RT)
- host: Battle.net
- saver: JakeNBake
map: Slalom
- players: 8
- length: 28:56
- speed: Fast
- version: 1.26 W3XP
- replay type: Public
» download(165 KB)
Players
team 1 (loser)

»
LemmeTry (
purple | 49 APM | 938 actions | 18:59)
5 Priestess of the Moon
2 Searing Arrows
3 Trueshot Aura
» actions
| Assign group hotkey | 10 | |
| Basic commands | 9 | |
| Build / train | 65 | |
| ESC pressed | 1 | |
| Enter build submenu | 20 | |
| Enter hero's abilities submenu | 5 | |
| Right click | 388 | |
| Select / deselect | 160 | |
| Select group hotkey | 207 | |
| Use ability | 73 | |
938 total
» units
| Wisp | 22 | |
| Druid of the Talon | 18 | |
| Faerie Dragon | 5 | |
45 total
» upgrades
| Strength of the Wild | 3 | |
| Druid of the Talon Training | 2 | |
| Mark of the Talon | 1 | |
| Reinforced Hides | 2 | |
8 total
» buildings
| Moon Well | 7 | |
| Altar of Elders | 1 | |
| Ancient of Wonders | 2 | |
| Tree of Ages | 1 | |
| Hunter's Hall | 1 | |
| Ancient of Wind | 3 | |
| Tree of Eternity | 1 | |
| Tree of Life | 1 | |
| Ancient Protector | 3 | |
20 total
» build order
00:10 Moon Well
00:17 Altar of Elders
01:34 Moon Well
02:03 Ancient of Wonders
02:26 Tree of Ages
02:35 Hunter's Hall
03:12 Moon Well
03:48 Ancient of Wonders
04:07 Moon Well
04:50 Ancient of Wind
04:52 Ancient of Wind
05:04 Ancient of Wind
05:15 Moon Well
05:19 Moon Well
06:08 Tree of Eternity
07:12 Moon Well
12:21 Tree of Life
13:52 Ancient Protector
14:12 Ancient Protector
14:19 Ancient Protector
» items
| Potion of Healing | 1 | |
| Orb of Venom | 1 | |
| Orb of Lightning | 1 | |
3 total
PATRIOTS-SUCK. (
pink | 50 APM | 1444 actions | 28:55)
7 Shadow Hunter
3 Hex
3 Healing Wave
1 Big Bad Voodoo
1 Blademaster
1 Wind Walk
2 Priestess of the Moon
1 Starfall
1 Searing Arrows
» actions
| Assign group hotkey | 40 | |
| Basic commands | 16 | |
| Build / train | 79 | |
| Enter build submenu | 18 | |
| Enter hero's abilities submenu | 10 | |
| Give item / drop item | 5 | |
| Right click | 487 | |
| Select / deselect | 218 | |
| Select group hotkey | 503 | |
| Use ability | 68 | |
1444 total
» units
| Peon | 19 | |
| Wind Rider | 8 | |
| Tauren | 6 | |
| Shaman | 2 | |
| Druid of the Talon | 3 | |
| Raider | 5 | |
43 total
» upgrades
| Ranged Weapons | 3 | |
| Armor | 3 | |
| Reinforced Defenses | 2 | |
| Envenomed Spears | 1 | |
| Ensnare | 1 | |
| Melee Weapons | 1 | |
11 total
» buildings
| Altar of Storms | 1 | |
| Orc Burrow | 7 | |
| Stronghold | 1 | |
| War Mill | 1 | |
| Beastiary | 3 | |
| Fortress | 1 | |
| Watch Tower | 19 | |
| Voodoo Lounge | 1 | |
34 total
» build order
00:11 Altar of Storms
00:21 Orc Burrow
01:56 Stronghold
02:08 War Mill
02:15 Orc Burrow
02:18 Orc Burrow
02:20 Orc Burrow
04:18 Beastiary
04:51 Beastiary
05:20 Fortress
09:15 Watch Tower
09:15 Watch Tower
09:16 Watch Tower
09:19 Watch Tower
10:08 Orc Burrow
10:08 Orc Burrow
11:17 Voodoo Lounge
12:04 Beastiary
12:07 Orc Burrow
16:14 Watch Tower
16:15 Watch Tower
16:15 Watch Tower
16:16 Watch Tower
16:16 Watch Tower
16:17 Watch Tower
16:18 Watch Tower
18:45 Watch Tower
18:46 Watch Tower
18:48 Watch Tower
18:53 Watch Tower
19:35 Watch Tower
19:35 Watch Tower
» items
| Staff of Teleportation | 1 | |
| Tiny Great Hall | 5 | |
| Healing Salve | 1 | |
| Orb of Lightning | 1 | |
| Scroll of Town Portal | 2 | |
| Potion of Mana | 1 | |
11 total
Rach (
orange | 31 APM | 596 actions | 19:06)
4 Blademaster
2 Critical Strike
2 Wind Walk
» actions
| Assign group hotkey | 10 | |
| Basic commands | 7 | |
| Build / train | 47 | |
| Enter build submenu | 29 | |
| Enter hero's abilities submenu | 4 | |
| Right click | 228 | |
| Select / deselect | 188 | |
| Select group hotkey | 46 | |
| Use ability | 37 | |
596 total
» units
» upgrades
| Shaman Training | 2 | |
| Armor | 3 | |
| Pulverize | 1 | |
| Melee Weapons | 3 | |
9 total
» buildings
| Altar of Storms | 1 | |
| Orc Burrow | 6 | |
| Stronghold | 1 | |
| Voodoo Lounge | 1 | |
| War Mill | 1 | |
| Spirit Lodge | 1 | |
| Fortress | 1 | |
| Tauren Totem | 2 | |
| Watch Tower | 11 | |
25 total
» build order
00:14 Altar of Storms
00:22 Orc Burrow
02:42 Stronghold
02:45 Orc Burrow
03:34 Voodoo Lounge
03:39 Orc Burrow
03:58 War Mill
04:43 Orc Burrow
05:11 Spirit Lodge
05:13 Fortress
06:20 Orc Burrow
06:30 Orc Burrow
07:37 Tauren Totem
07:44 Tauren Totem
09:21 Watch Tower
09:29 Watch Tower
09:35 Watch Tower
11:02 Watch Tower
11:05 Watch Tower
13:04 Watch Tower
13:08 Watch Tower
14:42 Watch Tower
14:49 Watch Tower
16:02 Watch Tower
16:11 Watch Tower
» items
| Boots of Speed | 1 | |
| Orb of Lightning | 1 | |
| Tiny Great Hall | 1 | |
3 total

»
tros (
green | 36 APM | 686 actions | 18:52)
3 Mountain King
2 Bash
1 Storm Bolt
1 Archmage
1 Blizzard
2 Goblin Tinker
1 Engineering Upgrade
1 Cluster Rockets
» actions
| Basic commands | 10 | |
| Build / train | 63 | |
| Enter build submenu | 25 | |
| Enter hero's abilities submenu | 6 | |
| Remove unit from queue | 3 | |
| Right click | 318 | |
| Select / deselect | 226 | |
| Use ability | 35 | |
686 total
» units
| Peasant | 7 | |
| Footman | 3 | |
| Rifleman | 16 | |
| Flying Machine | 2 | |
28 total
» upgrades
| Gunpowder | 4 | |
| Armor | 1 | |
| Masonry | 2 | |
| Swords | 2 | |
| Plating | 1 | |
| Long Rifles | 1 | |
| Lumber Harvesting | 2 | |
13 total
» buildings
| Farm | 7 | |
| Barracks | 1 | |
| Altar of Kings | 1 | |
| Blacksmith | 1 | |
| Lumber Mill | 1 | |
| Keep | 1 | |
| Castle | 2 | |
| Workshop | 1 | |
| Scout Tower | 9 | |
| Guard Tower | 7 | |
31 total
» build order
00:12 Farm
00:15 Barracks
00:20 Altar of Kings
00:41 Farm
02:07 Blacksmith
03:04 Farm
04:32 Lumber Mill
04:56 Farm
05:40 Farm
06:29 Keep
07:45 Farm
08:50 Castle
10:55 Workshop
12:40 Farm
15:03 Scout Tower
15:06 Scout Tower
15:11 Scout Tower
15:22 Scout Tower
15:48 Scout Tower
15:51 Scout Tower
15:56 Guard Tower
15:58 Guard Tower
16:00 Guard Tower
16:03 Scout Tower
16:13 Scout Tower
16:27 Scout Tower
16:29 Guard Tower
16:31 Guard Tower
16:41 Guard Tower
16:59 Guard Tower
team 2 (winner)

»
FastDragonS (
teal | 43 APM | 1243 actions | 28:55)
3 Death Knight
2 Death Coil
1 Unholy Aura
» actions
| Basic commands | 10 | |
| Build / train | 99 | |
| Enter build submenu | 31 | |
| Enter hero's abilities submenu | 3 | |
| Give item / drop item | 2 | |
| Remove unit from queue | 16 | |
| Right click | 706 | |
| Select / deselect | 294 | |
| Use ability | 82 | |
1243 total
» units
| Acolyte | 7 | |
| Ghoul | 15 | |
| Obsidian Statue | 3 | |
| Banshee | 11 | |
| Crypt Fiend | 6 | |
42 total
» upgrades
| Creature Attack | 3 | |
| Creature Carapace | 3 | |
| Web | 1 | |
| Banshee Training | 2 | |
| Unholy Strength | 3 | |
| Unholy Armor | 2 | |
| Destroyer Form | 1 | |
| Burrow | 1 | |
| Cannibalize | 1 | |
17 total
» buildings
| Altar of Darkness | 1 | |
| Ziggurat | 19 | |
| Crypt | 1 | |
| Graveyard | 1 | |
| Tomb of Relics | 1 | |
| Necropolis | 1 | |
| Halls of the Dead | 2 | |
| Spirit Tower | 7 | |
| Black Citadel | 1 | |
| Temple of the Damned | 2 | |
| Slaughterhouse | 1 | |
| Tree of Life | 1 | |
38 total
» build order
00:20 Altar of Darkness
00:23 Ziggurat
00:38 Crypt
01:02 Graveyard
01:35 Ziggurat
01:37 Ziggurat
02:35 Tomb of Relics
06:04 Necropolis
06:37 Ziggurat
06:40 Ziggurat
07:05 Halls of the Dead
07:36 Spirit Tower
07:39 Ziggurat
07:43 Ziggurat
07:58 Ziggurat
08:03 Ziggurat
08:58 Spirit Tower
09:31 Black Citadel
09:36 Temple of the Damned
09:43 Temple of the Damned
09:47 Slaughterhouse
09:54 Ziggurat
09:58 Ziggurat
13:15 Spirit Tower
19:44 Tree of Life
20:44 Ziggurat
20:47 Ziggurat
20:50 Ziggurat
20:53 Ziggurat
21:00 Ziggurat
21:04 Ziggurat
21:41 Spirit Tower
21:45 Spirit Tower
23:45 Spirit Tower
23:55 Spirit Tower
25:08 Ziggurat
25:13 Ziggurat
» items
| Rod of Necromancy | 2 | |
| Sacrificial Skull | 2 | |
| Boots of Speed | 2 | |
| Staff of Teleportation | 1 | |
| Potion of Lesser Invulnerability | 2 | |
| Periapt of Vitality | 1 | |
10 total
HowMadYouAre (
red | 52 APM | 1517 actions | 28:55)
8 Tauren Chieftain
3 Endurance Aura
3 Shockwave
1 Reincarnation
1 War Stomp
» actions
| Assign group hotkey | 54 | |
| Basic commands | 182 | |
| Build / train | 71 | |
| Enter build submenu | 20 | |
| Enter hero's abilities submenu | 8 | |
| Give item / drop item | 2 | |
| Remove unit from queue | 5 | |
| Right click | 678 | |
| Select / deselect | 284 | |
| Select group hotkey | 166 | |
| Use ability | 47 | |
1517 total
» units
| Peon | 10 | |
| Grunt | 1 | |
| Troll Headhunter/Berserker | 16 | |
| Troll Witch Doctor | 8 | |
| Demolisher | 2 | |
37 total
» upgrades
| Ranged Weapons | 3 | |
| Armor | 3 | |
| Troll Regeneration | 1 | |
| Berserker Upgrade | 1 | |
| Witch Doctor Training | 2 | |
| Shaman Training | 1 | |
| Pillage | 1 | |
| Berserker Strength | 0 | |
12 total
» buildings
| Altar of Storms | 1 | |
| Orc Burrow | 5 | |
| Barracks | 2 | |
| War Mill | 2 | |
| Voodoo Lounge | 1 | |
| Stronghold | 1 | |
| Great Hall | 1 | |
| Fortress | 1 | |
| Spirit Lodge | 2 | |
| Watch Tower | 5 | |
21 total
» build order
00:36 Altar of Storms
00:44 Orc Burrow
00:52 Barracks
01:37 Orc Burrow
01:45 War Mill
02:28 Voodoo Lounge
02:58 Barracks
03:41 Orc Burrow
05:33 Stronghold
05:37 Orc Burrow
06:27 Great Hall
08:39 Fortress
11:46 Spirit Lodge
11:47 Spirit Lodge
14:48 War Mill
15:00 Orc Burrow
20:14 Watch Tower
20:15 Watch Tower
20:17 Watch Tower
20:19 Watch Tower
20:20 Watch Tower
» items
| Boots of Speed | 1 | |
| Periapt of Vitality | 2 | |
| Healing Salve | 1 | |
4 total
JakeNBake (
blue | 58 APM | 1681 actions | 28:56)
7 Lich
3 Frost Nova
3 Frost Armor
1 Death and Decay
» actions
| Assign group hotkey | 37 | |
| Basic commands | 94 | |
| Build / train | 95 | |
| ESC pressed | 2 | |
| Enter build submenu | 30 | |
| Enter hero's abilities submenu | 7 | |
| Give item / drop item | 4 | |
| Remove unit from queue | 9 | |
| Right click | 679 | |
| Select / deselect | 408 | |
| Select group hotkey | 214 | |
| Use ability | 102 | |
1681 total
» units
| Acolyte | 7 | |
| Ghoul | 6 | |
| Meatwagon | 4 | |
| Necromancer | 13 | |
| Abomination | 3 | |
| Frost Wyrm | -5 | |
28 total
» upgrades
| Unholy Strength | 3 | |
| Unholy Armor | 3 | |
| Exhume Corpses | 1 | |
| Necromancer Training | 2 | |
| Disease Cloud | 1 | |
| Skeletal Mastery | 1 | |
| Cannibalize | 1 | |
| Skeletal Longevity | 1 | |
| Destroyer Form | 1 | |
| Creature Attack | 3 | |
| Web | 1 | |
| Ghoul Frenzy | 1 | |
| Banshee Training | 2 | |
| Creature Carapace | 3 | |
| Burrow | 1 | |
| Freezing Breath | 1 | |
| Stone Form | 1 | |
27 total
» buildings
| Graveyard | 1 | |
| Crypt | 1 | |
| Altar of Darkness | 1 | |
| Ziggurat | 15 | |
| Halls of the Dead | 5 | |
| Nerubian Tower | 4 | |
| Tomb of Relics | 2 | |
| Slaughterhouse | 1 | |
| Temple of the Damned | 3 | |
| Spirit Tower | 6 | |
| Black Citadel | 1 | |
| Sacrificial Pit | 1 | |
| Boneyard | 1 | |
| Necropolis | 1 | |
43 total
» build order
00:10 Graveyard
00:20 Crypt
00:43 Altar of Darkness
01:01 Ziggurat
02:13 Ziggurat
02:52 Halls of the Dead
02:52 Halls of the Dead
03:57 Ziggurat
04:00 Nerubian Tower
04:15 Tomb of Relics
05:16 Slaughterhouse
05:23 Temple of the Damned
05:49 Spirit Tower
08:09 Ziggurat
08:13 Black Citadel
09:59 Spirit Tower
11:58 Ziggurat
11:59 Ziggurat
12:00 Ziggurat
12:01 Ziggurat
13:26 Spirit Tower
13:31 Tomb of Relics
13:47 Spirit Tower
16:16 Ziggurat
16:19 Ziggurat
19:01 Temple of the Damned
19:02 Temple of the Damned
19:06 Nerubian Tower
20:23 Ziggurat
20:37 Sacrificial Pit
21:51 Boneyard
21:55 Spirit Tower
23:34 Ziggurat
23:36 Ziggurat
24:32 Necropolis
24:34 Ziggurat
24:35 Ziggurat
24:38 Spirit Tower
24:41 Nerubian Tower
24:41 Nerubian Tower
» items
| Potion of Mana | 2 | |
| Staff of Teleportation | 1 | |
| Boots of Speed | 1 | |
| Scroll of Healing | 1 | |
| Scroll of Town Portal | 1 | |
| Orb of Corruption | 1 | |
7 total

»
haguenpolo04 (
yellow | 21 APM | 606 actions | 28:55)
7 Shadow Hunter
3 Healing Wave
3 Serpent Ward
1 Big Bad Voodoo
» actions
| Assign group hotkey | 13 | |
| Basic commands | 24 | |
| Build / train | 102 | |
| Enter build submenu | 18 | |
| Enter hero's abilities submenu | 7 | |
| Remove unit from queue | 7 | |
| Right click | 121 | |
| Select / deselect | 206 | |
| Select group hotkey | 81 | |
| Use ability | 27 | |
606 total
» units
| Peon | 20 | |
| Troll Headhunter/Berserker | 33 | |
| Shaman | 17 | |
70 total
» upgrades
| Armor | 3 | |
| Ranged Weapons | 4 | |
| Troll Regeneration | 1 | |
| Shaman Training | 2 | |
| Berserker Upgrade | 1 | |
| Reinforced Defenses | 1 | |
| Spiked Barricades | 3 | |
15 total
» buildings
| Orc Burrow | 8 | |
| Altar of Storms | 2 | |
| Barracks | 2 | |
| War Mill | 1 | |
| Stronghold | 1 | |
| Spirit Lodge | 1 | |
| Fortress | 1 | |
| Great Hall | 2 | |
18 total
» build order
00:26 Orc Burrow
00:39 Altar of Storms
01:03 Barracks
01:23 War Mill
01:57 Orc Burrow
02:16 Orc Burrow
03:51 Stronghold
05:04 Orc Burrow
06:01 Orc Burrow
06:57 Spirit Lodge
07:04 Orc Burrow
08:01 Orc Burrow
08:03 Fortress
13:14 Great Hall
24:50 Great Hall
25:35 Altar of Storms
25:54 Barracks
26:10 Orc Burrow
Chat log
(01:10 / Allies) FastDragonS: i make banshees
(01:14 / Allies) FastDragonS: and destroyers
(01:16 / Allies) HowMadYouAre: mass trolls
(01:29 / Allies) JakeNBake: necrowagon
(01:39 / Allies) haguenpolo04: hh shamans
(01:53 / All) PATRIOTS-SUCK.: you said your "fellow orc"'s borrow got owned
(02:08 / All) HowMadYouAre: Yeah on other team
(02:12 / All) HowMadYouAre: he was orc
(03:07 / Allies) FastDragonS: gold plz 100
(03:19 / All) HowMadYouAre: I look rich son?
(03:27 / All) HowMadYouAre: go back your own country trash
(04:28 / Allies) HowMadYouAre: my expo son
(05:05 / Allies) HowMadYouAre: don't son
(05:06 / Allies) HowMadYouAre: my expo son
(05:13 / Allies) FastDragonS: what is sonm
(05:14 / Allies) HowMadYouAre: I called this expo son
(05:20 / Allies) FastDragonS: i need
(05:24 / Allies) FastDragonS: this
(05:26 / Allies) FastDragonS: expo
(06:04 / Allies) HowMadYouAre: my god lol
(06:11 / Allies) HowMadYouAre: fucker died at inopportune time
(06:39 / Allies) JakeNBake: mine
(06:48 / Allies) haguenpolo04: no
(06:50 / Allies) HowMadYouAre: kill webspinners first son
(06:50 / Allies) JakeNBake: yes
(06:52 / Allies) JakeNBake: I called it
(07:15 / Allies) haguenpolo04: get off it
(07:19 / Allies) JakeNBake: I called it sir
(07:28 / Allies) haguenpolo04: i was there
(07:32 / Allies) JakeNBake: I took it sir
(07:34 / Allies) HowMadYouAre: WE all creeped it
(07:40 / Allies) JakeNBake: ^
(07:49 / Allies) HowMadYouAre: this is a team son
(07:51 / Allies) HowMadYouAre: let's not fight
(07:56 / Allies) JakeNBake: yeah team game son
(11:54 / Allies) HowMadYouAre: wood son
(11:56 / Allies) HowMadYouAre: wood bro
(12:15 / Allies) HowMadYouAre: thank you how mad you are bro
(12:34 / All) HowMadYouAre: I remember when bezerker was an ability
(12:54 / All) PATRIOTS-SUCK.: it still is?
(13:05 / All) HowMadYouAre: no it upgrades them automatically
(13:21 / All) HowMadYouAre: before it would only do it for a certain time, they did more damage and attacked faster
(13:24 / All) HowMadYouAre: but took more damage
(14:01 / Allies) HowMadYouAre: I go spirit doctors you go shams yellow?
(14:06 / All) FastDragonS: lol
(14:09 / Allies) haguenpolo04: yeah
(14:13 / Allies) HowMadYouAre: meet
(14:18 / Allies) HowMadYouAre: let's meet them head on
(14:26 / Allies) JakeNBake: sec
(15:42 / Allies) HowMadYouAre: let's go teal, move it
(15:59 / Allies) haguenpolo04: teal come or we lose
(16:17 / Allies) haguenpolo04: dont go alone
(16:23 / Allies) haguenpolo04: red
(16:36 / Allies) haguenpolo04: wait for teal
(17:22 / Allies) FastDragonS: wait me
(17:24 / Allies) FastDragonS: plz
(20:22 / Allies) HowMadYouAre: wood bro
(20:26 / Allies) HowMadYouAre: wood teal
(20:36 / Allies) HowMadYouAre: lumber teal
(21:02 / Allies) haguenpolo04: red stop
(21:03 / Allies) haguenpolo04: wtf
(21:30 / Allies) FastDragonS: help me lol
(21:48 / Allies) haguenpolo04: lets beat the pther team and we win
(21:57 / Allies) JakeNBake: I refuse
(22:01 / Allies) HowMadYouAre: nothing doing
(22:06 / Allies) FastDragonS: doble tk
(22:08 / Allies) FastDragonS: lol
(22:11 / Allies) JakeNBake: WTF BLACKSTABBER!!!!
(24:01 / All) JakeNBake: You clowns lost leave please
(26:34 / Allies) HowMadYouAre: lol
(27:08 / Allies) FastDragonS: lol
(27:15 / All) JakeNBake: You lost fags gtfo
(27:50 / Allies) HowMadYouAre: come tael
(27:55 / Allies) FastDragonS: ok
(28:10 / All) JakeNBake: You shall not win if I can help it faggot
(28:22 / All) JakeNBake: FUCK
(28:23 / All) HowMadYouAre: GET THE FUCK OUT
(28:23 / All) JakeNBake: OUT
(28:25 / All) HowMadYouAre: GET THE FUCK OUT
(28:30 / All) JakeNBake: GET THE FUCK OUT
(28:34 / All) JakeNBake: HOW MAD U ARE SON?
(28:36 / All) HowMadYouAre: YOU LOST TRASH
(28:44 / All) JakeNBake: STUPID MEXICAN PIECE OF SHIT
(28:44 / All) HowMadYouAre: HOW MAD YOU ARE BRO?
(28:47 / All) JakeNBake: GET THE FUCK OUT FAGGOT
(28:49 / All) JakeNBake: HIGHPER.CH
(28:53 / All) JakeNBake: HUMILIATED FAGS